[Event "45th FIDE Womens Olympiad 2024"]
[Site "Budapest"]
[Date "2024.09.16"]
[Round "6.194"]
[White "Chung Hurtado, Yaleika"]
[Black "Ibtihal, Osman"]
[Result "0-1"]
[ECO "E90"]
[WhiteElo "1832"]
[BlackElo "1626"]
[PlyCount "84"]
[EventDate "2024.09.05"]
[EventType "team-tourn"]
[EventCountry "HUN"]
[WhiteTeam "Panama"]
[BlackTeam "Sudan"]
[WhiteTeamCountry "PAN"]
[BlackTeamCountry "SUD"]
[TimeControl "40/5400+30:1800+30"]

1. d4 c5 2. d5 d6 3. c4 g6 4. Nc3 Bg7 5. Nf3 Nf6 6. e4 Ng4 7. h3 Ne5 8. Nxe5 dxe5 9. Be3 b6 10. Qd2 O-O 11. Bh6 Nd7 12. Be2 Nf6 13. h4 Bg4 14. f3 Bc8 15. g4 e6 16. Bxg7 Kxg7 17. h5 Rh8 18. O-O-O exd5 19. cxd5 Rb8 20. Rh2 Bd7 21. Rdh1 Qc7 22. d6 Qb7 23. Qg5 h6 24. Qxe5 Rbe8 25. Qg3 g5 26. Bc4 b5 27. Bd5 Qa6 28. Rd1 b4 29. Nb1 Nxd5 30. Rxd5 Re6 31. a3 Rc8 32. Rhd2 Qf1+ 33. Rd1 Qc4+ 34. Kd2 Qb3 35. Ke1 Rxe4+ 36. Kf1 Bb5+ 37. Kg1 Re2 38. d7 Rd8 39. R5d2 Qe3+ 40. Kh1 Rxd7 41. Rxd7 Bxd7 42. Rxd7 Qc1+ {0-} 0-1

[Event "45th FIDE Womens Olympiad 2024"]
[Site "Budapest"]
[Date "2024.09.16"]
[Round "6.195"]
[White "Sabreen, Oraby"]
[Black "Vasquez Jaen, Lourdes Lorena"]
[Result "1/2-1/2"]
[ECO "A20"]
[WhiteElo "1812"]
[BlackElo "1821"]
[PlyCount "87"]
[EventDate "2024.09.05"]
[EventType "team-tourn"]
[EventCountry "HUN"]
[WhiteTeam "Sudan"]
[BlackTeam "Panama"]
[WhiteTeamCountry "SUD"]
[BlackTeamCountry "PAN"]
[TimeControl "40/5400+30:1800+30"]

1. c4 e5 2. g3 Nc6 3. Bg2 Bc5 4. e3 a6 5. Nc3 d6 6. Nge2 Ba7 7. O-O h5 8. d4 h4 9. b4 hxg3 10. fxg3 Bh3 11. b5 Nce7 12. bxa6 Qd7 13. Rf2 Bxg2 14. Kxg2 Nf6 15. axb7 Rb8 16. Qf1 Ng4 17. Rxf7 Nxh2 18. Qf2 Qh3+ 19. Kg1 Ng4 20. Rxe7+ Kxe7 21. Nd5+ Kd8 22. Qg2 Qxg2+ 23. Kxg2 Rxb7 24. Kf3 Nh2+ 25. Ke4 c6 26. Ndc3 exd4 27. exd4 Re7+ 28. Kd3 Nf3 29. Bf4 Rhe8 30. Rf1 Nh2 31. Rh1 Ng4 32. Rf1 Nh2 33. Rh1 Ng4 34. Rf1 Rf8 35. Rb1 Nf2+ 36. Kc2 Ne4 37. Nxe4 Rxe4 38. Kd3 Rfe8 39. Rb7 Rxe2 40. Rxa7 g6 41. a4 Ra2 42. Ra8+ Kd7 43. Rxe8 Kxe8 44. Bxd6 1/2-1/2

[Event "45th FIDE Womens Olympiad 2024"]
[Site "Budapest"]
[Date "2024.09.16"]
[Round "6.196"]
[White "Carrillo Marval, Maria Angelica"]
[Black "Rawan, Mansor"]
[Result "1-0"]
[ECO "B19"]
[WhiteElo "1795"]
[BlackElo "1717"]
[PlyCount "115"]
[EventDate "2024.09.05"]
[EventType "team-tourn"]
[EventCountry "HUN"]
[WhiteTeam "Panama"]
[BlackTeam "Sudan"]
[WhiteTeamCountry "PAN"]
[BlackTeamCountry "SUD"]
[TimeControl "40/5400+30:1800+30"]

1. e4 c6 2. d4 d5 3. Nc3 dxe4 4. Nxe4 Bf5 5. Ng3 Bg6 6. Nf3 Nd7 7. h4 h6 8. h5 Bh7 9. Bd3 Bxd3 10. Qxd3 Ngf6 11. Bd2 e6 12. O-O-O c5 13. Rhe1 Be7 14. dxc5 Bxc5 15. Be3 Bxe3+ 16. Rxe3 O-O 17. Qe2 Qa5 18. Kb1 Nd5 19. Ra3 Qc7 20. Nd4 a6 21. Nxe6 fxe6 22. Qxe6+ Kh8 23. Qxd5 Nb6 24. Qa5 Rad8 25. Rxd8 Qxd8 26. Rd3 Qe8 27. b3 Nd7 28. Qd2 Nf6 29. Re3 Qc6 30. f3 Qc7 31. Ne4 Nxh5 32. Qd6 Qf7 33. Nc5 Nf4 34. Re7 Qh5 35. Rxb7 Ng6 36. Rb8 Rxb8 37. Qxb8+ Kh7 38. Nd3 Qh1+ 39. Kb2 Qxg2 40. Qb7 h5 41. Qe4 h4 42. Nf4 Qg3 43. Nxg6 Qxg6 44. Qxh4+ Kg8 45. Qd8+ Kh7 46. Qd3 Qxd3 47. cxd3 Kg6 48. Kc3 Kf5 49. Kd2 Kf4 50. Ke2 a5 51. a3 g6 52. b4 axb4 53. axb4 Ke5 54. Ke3 g5 55. b5 Kd5 56. d4 Kd6 57. Ke4 Ke6 58. b6 1-0

[Event "45th FIDE Womens Olympiad 2024"]
[Site "Budapest"]
[Date "2024.09.16"]
[Round "6.197"]
[White "Bantiwalu, Aster Melake"]
[Black "Granados Ortiz, Maria Jose"]
[Result "1/2-1/2"]
[ECO "B02"]
[WhiteElo "1704"]
[BlackElo "1935"]
[PlyCount "141"]
[EventDate "2024.09.05"]
[EventType "team-tourn"]
[EventCountry "HUN"]
[WhiteTeam "Ethiopia"]
[BlackTeam "Nicaragua"]
[WhiteTeamCountry "ETH"]
[BlackTeamCountry "NCA"]
[TimeControl "40/5400+30:1800+30"]

1. e4 Nf6 2. Nc3 d5 3. e5 Ne4 4. Nxe4 dxe4 5. d4 exd3 6. Bxd3 Nc6 7. f4 e6 8. Nf3 Bc5 9. Qe2 Bd7 10. Be3 Qe7 11. O-O Nb4 12. Bxc5 Qxc5+ 13. Kh1 Nd5 14. Ng5 h6 15. Ne4 Qb6 16. c3 O-O-O 17. a3 Bc6 18. c4 Ne3 19. Rf3 Nf5 20. c5 Qb3 21. Rh3 Qd5 22. b4 Nd4 23. Qf2 Qd7 24. Nc3 Nb5 25. Ne2 a6 26. a4 Nd4 27. b5 Nxb5 28. axb5 Bxb5 29. Bxb5 Qxb5 30. Nc3 Qc4 31. Rb1 Rd4 32. Qb2 Qxc5 33. Qxb7+ Kd7 34. Qxa6 Rxf4 35. Rd3+ Ke7 36. Rbd1 g5 37. Rd7+ Kf8 38. Qc8+ Kg7 39. Qxc7 Qxc7 40. Rxc7 Rd8 41. Ra1 Ra8 42. Re1 Ra5 43. h3 Rf5 44. Kh2 Raxe5 45. Rxe5 Rxe5 46. Kg3 Kg6 47. Kf3 f5 48. Ne2 g4+ 49. hxg4 fxg4+ 50. Kf2 h5 51. Rc6 h4 52. Rc8 Rf5+ 53. Ke1 h3 54. Rg8+ Kf7 55. Rxg4 hxg2 56. Rxg2 Kf6 57. Rg3 Rg5 58. Rf3+ Rf5 59. Re3 Re5 60. Rb3 Ke7 61. Kd2 Rd5+ 62. Ke3 Re5+ 63. Kf3 Rf5+ 64. Kg4 Kf6 65. Rb8 Rg5+ 66. Kh4 Re5 67. Nf4 Re4 68. Kg3 Ke5 69. Re8 Rxf4 70. Rxe6+ Kxe6 71. Kxf4 1/2-1/2

[Event "45th FIDE Womens Olympiad 2024"]
[Site "Budapest"]
[Date "2024.09.16"]
[Round "6.198"]
[White "Cabezas Calero, Abigail Carolina"]
[Black "Abera, Mekdes Demssie"]
[Result "1/2-1/2"]
[ECO "B22"]
[WhiteElo "1824"]
[BlackElo "1593"]
[PlyCount "114"]
[EventDate "2024.09.05"]
[EventType "team-tourn"]
[EventCountry "HUN"]
[WhiteTeam "Nicaragua"]
[BlackTeam "Ethiopia"]
[WhiteTeamCountry "NCA"]
[BlackTeamCountry "ETH"]
[TimeControl "40/5400+30:1800+30"]

1. e4 c5 2. c3 e6 3. d4 d5 4. exd5 Qxd5 5. Nf3 Nf6 6. Be2 cxd4 7. cxd4 Nc6 8. Nc3 Qd8 9. Bb5 a6 10. Be2 Bb4 11. O-O O-O 12. h3 Nd5 13. Bd2 b5 14. a4 Bxc3 15. bxc3 b4 16. c4 Nf6 17. Bg5 a5 18. d5 exd5 19. Bxf6 Qxf6 20. cxd5 Ne5 21. Nxe5 Qxe5 22. Bf3 Rd8 23. Re1 Qf6 24. Rc1 Ra7 25. Rc6 Qg5 26. Qd4 Re7 27. Rxe7 Qxe7 28. d6 Qe1+ 29. Kh2 Bb7 30. Qb6 Qe5+ 31. g3 Bxc6 32. Qxd8+ Qe8 33. Qc7 Bxa4 34. Qxa5 b3 35. Qb4 Qb5 36. Qd2 g6 37. Bd1 Qb6 38. Qb2 Qxd6 39. Bxb3 Bxb3 40. Qxb3 Qc6 41. Qb8+ Kg7 42. Qe5+ Qf6 43. Qe3 h5 44. Kg2 Qc6+ 45. Kg1 Qd5 46. h4 Qd1+ 47. Kh2 Qd6 48. Qg5 Qf6 49. Qe3 Qd6 50. Kg2 Qc6+ 51. Qf3 Qxf3+ 52. Kxf3 f6 53. Kf4 Kf7 54. f3 Kg7 55. Ke4 Kf7 56. g4 hxg4 57. fxg4 Kg7 1/2-1/2

[Event "45th FIDE Womens Olympiad 2024"]
[Site "Budapest"]
[Date "2024.09.16"]
[Round "6.199"]
[White "Teshome, Wubrist Bekele"]
[Black "Munoz Cortez, Anahi Alexandra"]
[Result "0-1"]
[ECO "C02"]
[WhiteElo "1614"]
[BlackElo "1868"]
[PlyCount "101"]
[EventDate "2024.09.05"]
[EventType "team-tourn"]
[EventCountry "HUN"]
[WhiteTeam "Ethiopia"]
[BlackTeam "Nicaragua"]
[WhiteTeamCountry "ETH"]
[BlackTeamCountry "NCA"]
[TimeControl "40/5400+30:1800+30"]

1. e4 e6 2. Nf3 d5 3. e5 c5 4. d4 Nc6 5. Be3 Qb6 6. dxc5 Bxc5 7. Bxc5 Qxc5 8. a3 Nge7 9. Bd3 Bd7 10. O-O Ng6 11. Re1 Qb6 12. b4 a5 13. bxa5 Rxa5 14. Nc3 Qb2 15. Nb5 Rxb5 16. Bxb5 Qxb5 17. Re3 Qc5 18. Rb1 Na5 19. Nd4 Nc4 20. Reb3 b6 21. Nf3 O-O 22. Nd2 Ngxe5 23. Nxc4 Nxc4 24. Rc3 Rc8 25. Rb4 Qe7 26. Qd4 Qf6 27. Qxf6 gxf6 28. h4 Ra8 29. Rg3+ Kh8 30. h5 h6 31. Rbb3 Ba4 32. Rbc3 Rg8 33. Rxg8+ Kxg8 34. Kh2 f5 35. Kh3 Kg7 36. f4 Kf6 37. g3 Ke7 38. g4 fxg4+ 39. Kxg4 Bxc2 40. Kh4 Be4 41. a4 Kd6 42. Rg3 Kc5 43. Rg7 Nd6 44. Rg1 d4 45. Kg3 Nc4 46. Kf2 Bc2 47. Rg7 d3 48. Rxf7 d2 49. Rd7 d1=Q 50. Rxd1 Bxd1 51. Kg3 {0-} 0-1

[Event "45th FIDE Womens Olympiad 2024"]
[Site "Budapest"]
[Date "2024.09.16"]
[Round "6.200"]
[White "Alvarez Gutierrez, Patricia"]
[Black "Teweldemedhn, Mekdes Teklay"]
[Result "1-0"]
[ECO "A43"]
[WhiteElo "1826"]
[BlackElo "1648"]
[PlyCount "113"]
[EventDate "2024.09.05"]
[EventType "team-tourn"]
[EventCountry "HUN"]
[WhiteTeam "Nicaragua"]
[BlackTeam "Ethiopia"]
[WhiteTeamCountry "NCA"]
[BlackTeamCountry "ETH"]
[TimeControl "40/5400+30:1800+30"]

1. d4 c5 2. d5 g6 3. c4 d6 4. Nc3 Bg7 5. e4 Qb6 6. Bd3 Qb4 7. Qc2 Nf6 8. h3 O-O 9. Nge2 e6 10. O-O e5 11. Nb5 Qa5 12. Nxd6 a6 13. Nxc8 Rxc8 14. Bd2 Qb6 15. Rab1 Nbd7 16. Bc3 Qd6 17. b4 Qc7 18. b5 a5 19. Qb2 b6 20. f4 Re8 21. f5 Qd6 22. Rf3 Re7 23. Rbf1 Rf8 24. Bd2 h6 25. fxg6 fxg6 26. Qc1 Kh7 27. g4 g5 28. Ng3 Ref7 29. Nf5 Qb8 30. Qe1 Qd8 31. Qg3 Ng8 32. Bc3 Ne7 33. R3f2 Ng6 34. Nxg7 Rxf2 35. Rxf2 Rxf2 36. Ne6 Qf6 37. Qxf2 Qxf2+ 38. Kxf2 Nf4 39. Nxf4 gxf4 40. h4 Kg6 41. Kf3 Kf6 42. Bd2 Kg6 43. Bxf4 exf4 44. Kxf4 Kf6 45. g5+ hxg5+ 46. hxg5+ Kf7 47. e5 Ke7 48. g6 Kf8 49. Kf5 Kg7 50. e6 Nf6 51. d6 Ne8 52. Ke5 Kf8 53. d7 Ke7 54. dxe8=Q+ Kxe8 55. Kf6 Kf8 56. g7+ Kg8 57. e7 1-0

[Event "45th FIDE Womens Olympiad 2024"]
[Site "Budapest"]
[Date "2024.09.16"]
[Round "6.201"]
[White "Henderson De La Fuente, Andrea"]
[Black "Vilhete, Vania Fausto Da T."]
[Result "1/2-1/2"]
[ECO "B30"]
[WhiteElo "1986"]
[BlackElo "1877"]
[PlyCount "110"]
[EventDate "2024.09.05"]
[EventType "team-tourn"]
[EventCountry "HUN"]
[WhiteTeam "Andorra"]
[BlackTeam "Mozambique"]
[WhiteTeamCountry "AND"]
[BlackTeamCountry "MOZ"]
[TimeControl "40/5400+30:1800+30"]

1. e4 c5 2. Nc3 e6 3. Nf3 Nc6 4. Bb5 Nd4 5. O-O Nxb5 6. Nxb5 a6 7. Nc3 d6 8. d4 cxd4 9. Qxd4 Qc7 10. a4 Nf6 11. Rd1 Be7 12. Be3 O-O 13. a5 Bd7 14. Qd3 Bc6 15. Bb6 Qc8 16. e5 dxe5 17. Nxe5 Nd5 18. Nxd5 exd5 19. Nxc6 bxc6 20. c4 dxc4 21. Qxc4 Bf6 22. Rd2 Re8 23. g3 Qe6 24. Qxe6 Rxe6 25. Rad1 Rae8 26. Kf1 h6 27. b3 Bc3 28. Rd8 Bb4 29. Rxe8+ Rxe8 30. Rd7 Re5 31. Rd8+ Kh7 32. Ra8 Bxa5 33. Rxa6 Re1+ 34. Kg2 Bb4 35. Ra7 f6 36. Rd7 Rb1 37. Rd3 Rb2 38. Kf3 c5 39. h4 Rc2 40. h5 c4 41. bxc4 Rxc4 42. Rd7 Rc6 43. Be3 Bc5 44. Bf4 Ra6 45. Rd2 Ra3+ 46. Kg4 Ra4 47. Kf5 Ra3 48. Ke4 Bb6 49. Bd6 Ra4+ 50. Kf5 Rd4 51. Rxd4 Bxd4 52. f3 Bc3 53. Be7 Be5 54. f4 Bc3 55. Ke6 Kg8 1/2-1/2

[Event "45th FIDE Womens Olympiad 2024"]
[Site "Budapest"]
[Date "2024.09.16"]
[Round "6.202"]
[White "Castro, Neusa Aridas De"]
[Black "De La Riva Real, Ariadna"]
[Result "1/2-1/2"]
[ECO "B38"]
[WhiteElo "1684"]
[BlackElo "1823"]
[PlyCount "84"]
[EventDate "2024.09.05"]
[EventType "team-tourn"]
[EventCountry "HUN"]
[WhiteTeam "Mozambique"]
[BlackTeam "Andorra"]
[WhiteTeamCountry "MOZ"]
[BlackTeamCountry "AND"]
[TimeControl "40/5400+30:1800+30"]

1. e4 c5 2. Nf3 g6 3. d4 cxd4 4. Nxd4 Bg7 5. c4 Nc6 6. Be3 Nf6 7. Nc3 O-O 8. Be2 d6 9. Nc2 Bd7 10. O-O Rc8 11. Rc1 b6 12. b3 Na5 13. Na3 Nb7 14. f3 a5 15. Qe1 Nc5 16. Qf2 Ne8 17. Rfd1 f5 18. exf5 Bxf5 19. Nab5 Nc7 20. Na7 Ra8 21. Nc6 Qe8 22. Nd4 Bd7 23. Qe1 Rb8 24. Qd2 N5e6 25. Ne4 d5 26. cxd5 Nxd5 27. Nxe6 Bxe6 28. Bc4 Nc7 29. Bxe6+ Nxe6 30. Qd5 Qf7 31. Re1 Rfd8 32. Qc4 Bd4 33. h3 Bxe3+ 34. Rxe3 Rd4 35. Qf1 Qf4 36. Rec3 Rf8 37. Rc8 Qe3+ 38. Kh1 Nd8 39. R8c4 Rd5 40. R4c3 Qf4 41. Qc4 e6 42. Qc7 Qxc7 1/2-1/2

[Event "45th FIDE Womens Olympiad 2024"]
[Site "Budapest"]
[Date "2024.09.16"]
[Round "6.203"]
[White "Muratet Carmona, Julia"]
[Black "Sandramo, Chineva Rufino"]
[Result "1/2-1/2"]
[ECO "C54"]
[WhiteElo "1816"]
[BlackElo "1524"]
[PlyCount "145"]
[EventDate "2024.09.05"]
[EventType "team-tourn"]
[EventCountry "HUN"]
[WhiteTeam "Andorra"]
[BlackTeam "Mozambique"]
[WhiteTeamCountry "AND"]
[BlackTeamCountry "MOZ"]
[TimeControl "40/5400+30:1800+30"]

1. e4 e5 2. Bc4 Bc5 3. Nf3 Nc6 4. c3 Nf6 5. d3 d6 6. h3 Be6 7. Bb3 Bd5 8. Bc4 Bxc4 9. Qc2 Bb3 10. Qxb3 Qc8 11. Bg5 Nh5 12. g4 Nf4 13. Bxf4 exf4 14. d4 Bb6 15. Nbd2 Qd7 16. O-O-O O-O-O 17. Nc4 f6 18. Nxb6+ axb6 19. e5 d5 20. Rhe1 Rde8 21. Re2 Re6 22. Rde1 Rhe8 23. Qc2 fxe5 24. Nxe5 Nxe5 25. Rxe5 g6 26. Qe2 Rxe5 27. dxe5 Re6 28. g5 c6 29. Qd3 Qe7 30. h4 Rxe5 31. Rxe5 Qxe5 32. Kd2 Kd7 33. Qh3+ Qe6 34. Qf3 Qf5 35. Kc1 Kd6 36. b3 Ke5 37. Qe2+ Qe4 38. Qd2 f3 39. b4 Qxh4 40. Qe3+ Qe4 41. Qxb6 Kf5 42. Kd2 Kxg5 43. Qd8+ Kh5 44. Qd7 h6 45. Qh3+ Kg5 46. Qg3+ Kf5 47. Qh3+ Kg5 48. Qg3+ Qg4 49. Qe5+ Qf5 50. Qg3+ Kf6 51. Qd6+ Kg7 52. Qe7+ Qf7 53. Qe5+ Kh7 54. a4 h5 55. b5 cxb5 56. axb5 h4 57. Qg5 Kg7 58. Qxh4 Qf6 59. Qg4 Qf5 60. Qxf5 gxf5 61. Ke3 Kf6 62. Kxf3 Ke5 63. Ke3 f4+ 64. Kd3 Kf5 65. f3 Ke5 66. c4 dxc4+ 67. Kxc4 b6 68. Kc3 Kd5 69. Kd3 Kc5 70. Ke4 Kxb5 71. Kxf4 Kc5 72. Ke4 b5 73. Kd3 1/2-1/2

[Event "45th FIDE Womens Olympiad 2024"]
[Site "Budapest"]
[Date "2024.09.16"]
[Round "6.205"]
[White "Lyons, Kieran"]
[Black "Johnson, Gabriella"]
[Result "1/2-1/2"]
[ECO "C58"]
[WhiteElo "1818"]
[BlackElo "1896"]
[PlyCount "138"]
[EventDate "2024.09.05"]
[EventType "team-tourn"]
[EventCountry "HUN"]
[WhiteTeam "Fiji"]
[BlackTeam "Trinidad & Tobago"]
[WhiteTeamCountry "FIJ"]
[TimeControl "40/5400+30:1800+30"]

1. e4 e5 2. Nf3 Nc6 3. Bc4 Nf6 4. Ng5 d5 5. exd5 Na5 6. Bb5+ c6 7. dxc6 bxc6 8. Bd3 Nd5 9. Ne4 Nf4 10. Bf1 f5 11. Ng3 c5 12. Bb5+ Bd7 13. Bxd7+ Qxd7 14. Qf3 Rb8 15. d3 Bd6 16. O-O O-O 17. Nh5 Nxh5 18. Qxh5 Nc6 19. Nd2 Rf6 20. Nc4 f4 21. Qf3 Bc7 22. c3 Rd8 23. Rd1 Na5 24. Qe4 Nxc4 25. Qxc4+ Qd5 26. Qxd5+ Rxd5 27. Kf1 Rh6 28. h3 Rhd6 29. Ke2 g5 30. c4 Rd4 31. f3 Rd8 32. b3 R4d6 33. Bb2 Rc6 34. Bc3 a5 35. Kd2 Kf7 36. Kc2 h5 37. a3 Rb8 38. Rab1 Ra6 39. Re1 Kf6 40. Re2 Bd6 41. Rbe1 Re8 42. d4 cxd4 43. Bxd4 Rc6 44. Bc3 a4 45. Re4 axb3+ 46. Kxb3 Ra6 47. Bb4 Rb8 48. c5 Bxc5 49. R1e2 Rab6 50. Rc4 Bxb4 51. Rxb4 Kf5 52. Ree4 Rxb4+ 53. Rxb4 Re8 54. a4 g4 55. hxg4+ hxg4 56. a5 gxf3 57. gxf3 Re6 58. Rb6 e4 59. fxe4+ Rxe4 60. a6 Re1 61. Rb5+ Kg4 62. Rb4 Rb1+ 63. Kc3 Rxb4 64. Kxb4 f3 65. a7 f2 66. a8=Q f1=Q 67. Qg8+ Kf3 68. Qf7+ Kg2 69. Qxf1+ Kxf1 1/2-1/2

[Event "45th FIDE Womens Olympiad 2024"]
[Site "Budapest"]
[Date "2024.09.16"]
[Round "6.206"]
[White "Hermoso Rodriguez, Ysvett"]
[Black "Terubea, Cydel"]
[Result "1-0"]
[ECO "B02"]
[WhiteElo "1943"]
[BlackElo "1681"]
[PlyCount "121"]
[EventDate "2024.09.05"]
[EventType "team-tourn"]
[EventCountry "HUN"]
[WhiteTeam "Trinidad & Tobago"]
[BlackTeam "Fiji"]
[BlackTeamCountry "FIJ"]
[TimeControl "40/5400+30:1800+30"]

1. e4 d5 2. exd5 Nf6 3. Bc4 Nxd5 4. Qf3 e6 5. Nc3 c6 6. a3 a6 7. Nge2 Bd6 8. d4 Qf6 9. Qxf6 Nxf6 10. Bg5 Nbd7 11. f3 h6 12. Bd2 b5 13. Bd3 Bb7 14. Ne4 Be7 15. Bf4 Nxe4 16. Bxe4 Nf6 17. Bd3 Nd5 18. Bd2 Bf6 19. c3 O-O 20. Nf4 Bh4+ 21. g3 Nxf4 22. Bxf4 Bf6 23. Rf1 Rfe8 24. O-O-O Rac8 25. Be4 Ba8 26. Bd6 e5 27. Bf5 Rcd8 28. dxe5 g6 29. exf6 gxf5 30. Be7 Rc8 31. b4 Kh7 32. Kd2 Rc7 33. Ke3 c5 34. Kf4 cxb4 35. Bxb4 Bb7 36. Rf2 Kg6 37. Rd6 Rc4+ 38. Rd4 Rxd4+ 39. cxd4 Kxf6 40. Rc2 Bd5 41. Rc5 Rd8 42. Rc7 Re8 43. Rd7 Bc6 44. Ra7 Ra8 45. Rc7 Bd5 46. Rd7 Bc4 47. Rd6+ Kg7 48. Kxf5 a5 49. Bd2 Bd3+ 50. Kf4 a4 51. d5 Bc4 52. Bc3+ Kh7 53. Rd7 Kg8 54. Bb4 Rc8 55. d6 Be6 56. Rc7 Rd8 57. Ke5 Rd7 58. f4 Rd8 59. Kf6 Re8 60. Re7 Kf8 61. d7 1-0

[Event "45th FIDE Womens Olympiad 2024"]
[Site "Budapest"]
[Date "2024.09.16"]
[Round "6.207"]
[White "Prasad, Tanvi"]
[Black "La Fleur, Zara"]
[Result "0-1"]
[ECO "A05"]
[WhiteElo "1564"]
[BlackElo "1773"]
[PlyCount "76"]
[EventDate "2024.09.05"]
[EventType "team-tourn"]
[EventCountry "HUN"]
[WhiteTeam "Fiji"]
[BlackTeam "Trinidad & Tobago"]
[WhiteTeamCountry "FIJ"]
[TimeControl "40/5400+30:1800+30"]

1. b3 Nf6 2. Bb2 g6 3. e3 Bg7 4. Nf3 O-O 5. Be2 b6 6. O-O Bb7 7. d4 e6 8. Nbd2 d5 9. c4 Qe7 10. Qc1 Nbd7 11. cxd5 Nxd5 12. Rb1 Rac8 13. Ba3 c5 14. Qd1 Nc3 15. Qe1 Nxb1 16. Qxb1 Rfd8 17. Ne4 Nf6 18. Nc3 Nd5 19. Rc1 Nxc3 20. Rxc3 Qd7 21. Rd3 Be4 22. Qd1 Bxd3 23. Qxd3 cxd4 24. exd4 Bxd4 25. Qb1 Qc6 26. h3 Qc2 27. Qf1 Qxa2 28. Be7 Rd7 29. Bg5 Qxb3 30. Bb5 Rd5 31. Ba6 Rc2 32. Nxd4 Rxd4 33. Qe1 Rc5 34. Kh2 Rxg5 35. Qc1 Qd5 36. Qc8+ Kg7 37. Bb7 Rxg2+ 38. Kh1 Rd1# {0-} 0-1

[Event "45th FIDE Womens Olympiad 2024"]
[Site "Budapest"]
[Date "2024.09.16"]
[Round "6.208"]
[White "James, Shemilah"]
[Black "Sukhu, Makayla"]
[Result "1-0"]
[ECO "C80"]
[WhiteElo "1774"]
[BlackElo "1521"]
[PlyCount "33"]
[EventDate "2024.09.05"]
[EventType "team-tourn"]
[EventCountry "HUN"]
[WhiteTeam "Trinidad & Tobago"]
[BlackTeam "Fiji"]
[BlackTeamCountry "FIJ"]
[TimeControl "40/5400+30:1800+30"]

1. e4 e5 2. Nf3 Nc6 3. Bb5 a6 4. Ba4 Nf6 5. d4 Nxe4 6. O-O b5 7. Bb3 Bd6 8. dxe5 Bc5 9. Qd5 O-O 10. Qxe4 h6 11. Nc3 Bb7 12. Qg4 Kh8 13. Qh5 Qe7 14. Bxh6 g6 15. Qh3 Kg8 16. Bg5 Qe8 17. Bf6 1-0

[Event "45th FIDE Womens Olympiad 2024"]
[Site "Budapest"]
[Date "2024.09.16"]
[Round "6.209"]
[White "Seine, Rose Berline"]
[Black "Bwalya Mulwale, Lubuuto"]
[Result "0-1"]
[ECO "D30"]
[WhiteElo "1778"]
[BlackElo "1852"]
[PlyCount "128"]
[EventDate "2024.09.05"]
[EventType "team-tourn"]
[EventCountry "HUN"]
[WhiteTeam "Haiti"]
[BlackTeam "Zambia"]
[WhiteTeamCountry "HAI"]
[BlackTeamCountry "ZAM"]
[TimeControl "40/5400+30:1800+30"]

1. d4 d5 2. c4 e6 3. Nf3 Nf6 4. Bg5 c6 5. e3 Qa5+ 6. Nbd2 Ne4 7. Bf4 Bb4 8. a3 Nxd2 9. Nxd2 Be7 10. Bd3 Nd7 11. b4 Qd8 12. c5 O-O 13. Qc2 h6 14. h3 Re8 15. Nf3 Bf6 16. O-O e5 17. dxe5 Bxe5 18. Nxe5 Nxe5 19. Be2 Qf6 20. Rfd1 Bf5 21. Qd2 Qg6 22. Kh2 Be4 23. f3 Bf5 24. g4 Bc8 25. Rg1 Qe6 26. Bg3 Ng6 27. Bf2 Qe5+ 28. Kh1 d4 29. e4 Rd8 30. Rad1 d3 31. Bg3 Qf6 32. f4 Be6 33. Bf3 Nh4 34. Bg2 Nxg2 35. Rxg2 Qd4 36. f5 Bb3 37. Re1 Re8 38. Rge2 Rad8 39. Bf2 Qc4 40. Re3 Qc2 41. Qxc2 Bxc2 42. e5 d2 43. Kg2 dxe1=Q 44. Rxe1 Rd3 45. Bg3 Rxa3 46. e6 fxe6 47. fxe6 Ra4 48. Bd6 Rxb4 49. e7 Re4 50. Rf1 R8xe7 51. Bxe7 Rxe7 52. Rf2 Bd3 53. Kg3 Re5 54. Rb2 Bb5 55. Rc2 a5 56. Kf4 Rd5 57. h4 g5+ 58. hxg5 hxg5+ 59. Ke3 a4 60. Rc3 Kf7 61. Ke4 Ke6 62. Rf3 Rxc5 63. Rf8 Rc4+ 64. Kf3 Rf4+ {0-} 0-1

[Event "45th FIDE Womens Olympiad 2024"]
[Site "Budapest"]
[Date "2024.09.16"]
[Round "6.210"]
[White "Likando, Namakau"]
[Black "Cadeau, Merisena"]
[Result "0-1"]
[ECO "B50"]
[WhiteElo "1746"]
[BlackElo "1671"]
[PlyCount "128"]
[EventDate "2024.09.05"]
[EventType "team-tourn"]
[EventCountry "HUN"]
[WhiteTeam "Zambia"]
[BlackTeam "Haiti"]
[WhiteTeamCountry "ZAM"]
[BlackTeamCountry "HAI"]
[TimeControl "40/5400+30:1800+30"]

1. e4 c5 2. Nf3 Nc6 3. c3 d6 4. Bc4 Nf6 5. d3 g6 6. Bg5 Bg7 7. a3 a5 8. a4 O-O 9. h3 b6 10. Qd2 Re8 11. O-O Bb7 12. Na3 Nd7 13. Nb5 Nde5 14. Nxe5 Nxe5 15. Ba2 Qd7 16. d4 cxd4 17. cxd4 Nc6 18. Rac1 Rec8 19. Bh6 Bh8 20. Qf4 Qe8 21. Rfd1 Nxd4 22. Rxc8 Rxc8 23. Nxd4 e5 24. Qg3 exd4 25. Qxd6 Qxe4 26. f3 Qe2 27. Bb3 Qe5 28. Qxb6 Bc6 29. Qa7 Qf5 30. Re1 Bd5 31. Bxd5 Qxd5 32. Qe7 Qd8 33. Qe2 d3 34. Qd2 Qb6+ 35. Be3 Qb4 36. Qd1 Rc2 37. Bh6 Bd4+ 38. Kh1 Qxa4 39. Qxd3 Rxb2 40. Re8+ Qxe8 41. Qxd4 Rb1+ 42. Kh2 f6 43. Qd5+ Kh8 44. Qxa5 Qe5+ 45. Qxe5 fxe5 46. Kg3 Kg8 47. Bg5 Kf7 48. Kh2 Rb2 49. Kg3 Ke6 50. Kh2 Kf5 51. Be3 Re2 52. Bg1 Kf4 53. Ba7 h5 54. Bb6 g5 55. Bc7 g4 56. hxg4 hxg4 57. fxg4 Kxg4 58. Kg1 e4 59. Kf1 Rc2 60. Bb6 Kg3 61. Ba7 Rxg2 62. Bd4 Kf3 63. Ke1 e3 64. Kf1 Rc2 {0-} 0-1

[Event "45th FIDE Womens Olympiad 2024"]
[Site "Budapest"]
[Date "2024.09.16"]
[Round "6.211"]
[White "Jonet, Davena"]
[Black "Mbatha, Constance"]
[Result "0-1"]
[ECO "D02"]
[WhiteElo "1659"]
[BlackElo "1799"]
[PlyCount "70"]
[EventDate "2024.09.05"]
[EventType "team-tourn"]
[EventCountry "HUN"]
[WhiteTeam "Haiti"]
[BlackTeam "Zambia"]
[WhiteTeamCountry "HAI"]
[BlackTeamCountry "ZAM"]
[TimeControl "40/5400+30:1800+30"]

1. d4 d5 2. Bf4 Bf5 3. e3 e6 4. Bd3 Bg6 5. Nf3 Nf6 6. c3 Nbd7 7. Bg5 Be7 8. O-O O-O 9. Bxg6 hxg6 10. Nbd2 Kh7 11. Re1 Rh8 12. e4 dxe4 13. Nxe4 c6 14. Bh4 Kg8 15. h3 Nxe4 16. Rxe4 Bxh4 17. Qb3 Rb8 18. Rd1 Bf6 19. Ne5 Qe7 20. Ng4 Rh5 21. Rde1 Nf8 22. a3 Qd7 23. Qd1 Rd8 24. Qf3 Nh7 25. Qd1 c5 26. Kh1 Qc8 27. Qa4 a6 28. Rd1 Rhd5 29. Ne3 R5d7 30. dxc5 Rxd1+ 31. Nxd1 Qxc5 32. Re1 Ng5 33. Ne3 Qc8 34. Nc4 b5 35. Qc2 Qxc4 {0-} 0-1

[Event "45th FIDE Womens Olympiad 2024"]
[Site "Budapest"]
[Date "2024.09.16"]
[Round "6.212"]
[White "Mwale, Naomi"]
[Black "Dunat, Kineberlie"]
[Result "0-1"]
[ECO "C54"]
[WhiteElo "1767"]
[BlackElo "1582"]
[PlyCount "162"]
[EventDate "2024.09.05"]
[EventType "team-tourn"]
[EventCountry "HUN"]
[WhiteTeam "Zambia"]
[BlackTeam "Haiti"]
[WhiteTeamCountry "ZAM"]
[BlackTeamCountry "HAI"]
[TimeControl "40/5400+30:1800+30"]

1. e4 e5 2. Nf3 Nc6 3. Bc4 Bc5 4. O-O Nf6 5. d3 h6 6. c3 Be7 7. Re1 O-O 8. d4 d6 9. d5 Na5 10. Bd3 b6 11. b4 Nb7 12. h3 a5 13. b5 Nc5 14. a4 Nh7 15. Be3 Nxd3 16. Qxd3 f5 17. exf5 Bxf5 18. Qc4 Rc8 19. Nxe5 dxe5 20. d6+ Kh8 21. dxe7 Qxe7 22. Bf4 Be6 23. Rxe5 Bxc4 24. Rxe7 Rxf4 25. Nd2 Bg8 26. Ne4 Nf6 27. Nxf6 Rxf6 28. Rd1 Rf7 29. Re5 Bh7 30. Rd4 Rcf8 31. f3 Rf4 32. Rd7 R4f7 33. Rd4 Bc2 34. Kf2 Rc8 35. Re2 Bh7 36. Re6 Bg8 37. Re5 c6 38. c4 cxb5 39. cxb5 Kh7 40. h4 Rfc7 41. h5 Rc4 42. Rd7 R8c7 43. Rd8 Rc8 44. Rd7 R4c7 45. Rd4 Rc5 46. Re7 Rxh5 47. Rdd7 Rg5 48. f4 Rc2+ 49. Kf3 Rgxg2 50. f5 Rgf2+ 51. Kg3 Rxf5 52. Rxg7+ Kh8 53. Kg4 Rg2+ 54. Kxf5 Rxg7 55. Rd6 Bh7+ 56. Ke5 Rg6 57. Rd8+ Bg8 58. Rb8 Kg7 59. Rb7+ Bf7 60. Rc7 h5 61. Rc3 h4 62. Rh3 Rh6 63. Kf4 Be6 64. Rh2 h3 65. Kg3 Rg6+ 66. Kf2 Rg2+ 67. Rxg2+ hxg2 68. Kxg2 Bb3 69. Kf2 Bxa4 70. Ke2 Bxb5+ 71. Kd2 Kf6 72. Kc3 Ke5 73. Kb3 Kd4 74. Ka3 Kc4 75. Ka2 Kb4 76. Kb2 Bc4 77. Kb1 Ka3 78. Ka1 b5 79. Kb1 b4 80. Ka1 b3 81. Kb1 Bd3+ {0-} 0-1